 Dungeon Crawl Stone Soup version 0.20.1-1-g8b1a95d (webtiles) character file.

34 spiff the Cutter (level 3, -2/24 HPs)
             Began as a Halfling Warper on July 7, 2017.
             Slain by an adder (4 damage)
             ... on level 2 of the Dungeon.
             The game lasted 00:04:30 (982 turns).

spiff the Cutter (Halfling Warper)                   Turns: 982, Time: 00:04:30

Health: -2/24      AC:  3    Str: 12    XL:     3   Next: 50%
Magic:  5/5        EV: 13    Int: 12    God:
Gold:   71         SH:  4    Dex: 13    Spells: 5/5 levels left

rFire    . . .     SeeInvis .   b - +0 hunting sling
rCold    . . .     Gourm    .   t - +0 buckler
rNeg     . . .     Faith    .   l - +0 leather armour
rPois    .         Spirit   .   (no helmet)
rElec    .         Reflect  .   (no cloak)
rCorr    .         Harm     .   (no gloves)
MR       .....                  (no boots)
Stlth    ++........             (no amulet)
Regen    0.1/turn               (no ring)
MPRegen  0.1/turn               (no ring)

@: lethally poisoned (-2 -> -5)
A: mutation resistance 1
a: no special abilities


You were on level 2 of the Dungeon.
You were not hungry.

You visited 1 branch of the dungeon, and saw 2 of its levels.

You collected 71 gold pieces.

Inventory:

Hand Weapons
 a - a +0 short sword
 b - a +0 hunting sling (weapon)
 k - a +0 dagger
Missiles
 m - 32 stones
 p - 2 sling bullets (quivered)
Armour
 l - a +0 leather armour (worn)
 t - a +0 buckler (worn)
Scrolls
 d - a scroll of blinking
 h - 2 scrolls of remove curse {unknown}
 i - a scroll of teleportation {unknown}
 q - a scroll of immolation {unknown}
 r - 2 scrolls of amnesia {unknown}
 s - a scroll of fear {unknown}
Potions
 g - a potion of lignification {unknown}
 n - a potion of haste {unknown}
 o - a potion of degeneration {unknown}
Books
 c - a book of Spatial Translocations

   Spells                             Type                      Level
   a - Blink                          Translocation                2
   b - Shroud of Golubria             Charms/Translocation         2
   c - Lesser Beckoning               Translocation                3
   d - Gell's Gravitas                Translocation                3
   e - Teleport Other                 Translocation                3
   f - Passage of Golubria            Translocation                4
Comestibles
 f - a bread ration
 j - a meat ration


   Skills:
 - Level 1.7 Fighting
 + Level 3.7 Short Blades
 + Level 0.0(0.8) Slings
 - Level 1.0 Throwing
 - Level 1.1 Armour
 - Level 2.1 Dodging
 + Level 2.1 Stealth
 - Level 1.5 Spellcasting
   Level 3.2 Translocations


You had 5 spell levels left.
You didn't know any spells.

Dungeon Overview and Level Annotations

Branches:
Dungeon (2/15)

Altars:
Nemelex Xobeh


Innate Abilities, Weirdness & Mutations

You are small and have problems with some larger weapons.
You are somewhat resistant to further mutation.


Message History

You shoot a sling bullet.
The sling bullet closely misses the adder.
The adder closely misses you.
Firing (i - inventory. (,) - cycle):
p - 4 sling bullets (quivered)
Press: ? - help, Shift-Dir - straight line, f/p - adder
Aim: an adder (almost dead)
You shoot a sling bullet.
The sling bullet barely misses the adder.
The adder bites you but does no damage. The adder bites you.
* * * LOW HITPOINT WARNING * * *
You are lethally poisoned!
The adder poisons you!
Firing (i - inventory. (,) - cycle):
p - 3 sling bullets (quivered)
Press: ? - help, Shift-Dir - straight line, f/p - adder
Aim: an adder (almost dead)
You shoot a sling bullet.
The sling bullet closely misses the adder.
* * * LOW HITPOINT WARNING * * *
You feel sick. The adder bites you.
You die...

..##........#
#.#....(....##
.............#.
........$.....
#..⌠.⌠.....#
#<.._......#
#..⌠.⌠.....#
..###...S....#
#...[...@%..##
#######......#
####.#....
....=. .## . .#
#


You could see an adder.

Vanquished Creatures
  An adder (D:1)
  4 dart slugs (D:1)
  A giant cockroach (D:2)
  4 goblins (D:1)
  A hobgoblin (D:1)
  2 bats (D:1)
  3 kobolds (D:1)
  A rat (D:1)
17 creatures vanquished.

Notes
Turn   | Place    | Note
-------+----------+-------------------------------------------
     0 | D:1      | spiff the Halfling Warper began the quest for the Orb.
     0 | D:1      | Reached XP level 1. HP: 14/14 MP: 3/3
   235 | D:1      | Reached skill level 1 in Stealth
   235 | D:1      | Reached XP level 2. HP: 18/19 MP: 4/4
   511 | D:1      | Reached XP level 3. HP: 24/24 MP: 5/5
   958 | D:2      | Found a sparkling altar of Nemelex Xobeh.
   982 | D:2      | Slain by an adder

Skill      XL: |  1  2 |
---------------+-------+-----
Stealth        | 1 2 |  2.1
Short Blades   | 3 |  3.7
Fighting       | |  1.7
Throwing       | |  1.0
Armour         | |  1.1
Dodging        | |  2.1
Spellcasting   | |  1.5
Translocations | |  3.2

Action                   || total
-------------------------++-------
Melee: Short sword       ||    67
 Fire: Hunting sling     ||    19
Throw: Tomahawk          ||     5
Armor: Leather armour    ||    12
Dodge: Dodged            ||    56
Block: Buckler           ||     3
